 Dungeon Crawl Stone Soup version 0.30.1-1-g62c8e00024 (webtiles) character file.

Game seed: 764522353069069979

58 spardeous the Ducker (level 3, -4/14 HPs)
             Began as a Felid Earth Elementalist on July 16, 2023.
             Shot with an arrow by a centaur (10 damage)
             ... on level 5 of the Dungeon.
             The game lasted 00:02:17 (1727 turns).

spardeous the Ducker (Felid Earth Elementalist)     Turns: 1727, Time: 00:02:18

Health: -4/14      AC:  1    Str:  4    XL:     3   Next: 75%
Magic:  4/7        EV: 18    Int: 18    God:
Gold:   63         SH:  0    Dex: 16    Spells: 5/6 levels left
                                        Lives:  0   Deaths: 0

rFire   . . .        (weapon unavailable)
rCold   . . .        (shield unavailable)
rNeg    . . .        (body armour unavailable)
rPois   .            (helmet unavailable)
rElec   .            (cloak unavailable)
rCorr   .            (gloves unavailable)
SInv    +            (boots unavailable)
Will    .....        (no amulet)
Stlth   ++           (no ring)
HPRegen 0.22/turn    (no ring)
MPRegen 0.10/turn

%: no passive effects
@: quick
A: very small, claws 1, fangs 3, see invisible, speed 1, shaggy fur 1, stealthy
paws, no weapons or thrown items, no armour, multi-lived
a: no special abilities


You were on level 5 of the Dungeon.
You visited 1 branch of the dungeon, and saw 5 of its levels.

You collected 63 gold pieces.

Inventory:

Scrolls
 c - a scroll of enchant weapon {unknown}
 d - a scroll of noise {unknown}
 e - 2 scrolls of teleportation {unknown}
 g - a scroll of identify {unknown}
 h - a scroll of vulnerability {unknown}
 k - a scroll of silence {unknown}
Potions
 a - a potion of magic
 b - a potion of curing {unknown}
 f - 2 potions of degeneration {unknown}
 i - 3 potions of haste {unknown}
 j - a potion of mutation {unknown}
 l - a potion of might {unknown}


   Skills:
 + Level 4.3 Dodging
 - Level 2.6 Stealth
 - Level 2.0 Spellcasting
 - Level 1.1 Transmutations
 + Level 3.6 Earth Magic


You had 5 spell levels left.
You knew the following spells:

 Your Spells              Type           Power      Damage    Failure   Level
a - Sandblast             Erth           28%        2d8       4%          1

Your spell library contained the following spells:

 Spells                   Type           Power      Damage    Failure   Level
 Passwall                 Tmut/Erth      8%         N/A       11%         2
 Freeze                   Ice            4%         1d3       19%         1
 Stone Arrow              Conj/Erth      16%        3d8       26%         3
 Frozen Ramparts          Ice            2%         1d1       47%         3
 Hailstorm                Conj/Ice       1%         3d3       47%         3
 Petrify                  Tmut/Erth      10%        N/A       56%         4


Dungeon Overview and Level Annotations

Branches:
Dungeon (5/15)
 Temple: D:4-7

Altars:


Innate Abilities, Weirdness & Mutations

You have sharp claws.
You have razor-sharp teeth.
You have supernaturally acute eyesight. (SInv)
You cover ground quickly. (Speed+)
You are covered in fur. (AC +1)
Your paws help you pounce on unaware monsters.
You are incapable of wielding weapons or throwing items.
You cannot wear armour.
You gain extra lives every three experience levels.


Message History

You kill the ufetubus!
Casting: Sandblast (safe; 4% risk of failure)
Confirm with . or Enter, or press ? or * to list all spells.
You can't see any susceptible monsters within range! (Use Z to cast anyway.) Unknown command.
You start resting.
Magic restored.
A centaur comes into view.
Found a lumpy sapphire potion.
You start waiting.
A centaur is nearby!
Casting: Sandblast (safe; 4% risk of failure)
Confirm with . or Enter, or press ? or * to list all spells.
Aiming: Sandblast (safe; 4% risk of failure)
Press: ? - help, Shift-Dir - straight line, f - centaur
Aim: a centaur (89% to hit)
The blast of sand hits the centaur!
The centaur is heavily wounded.
The centaur wields a +0 shortbow.
The centaur shoots an arrow.
The arrow barely misses you.
Casting: Sandblast (safe; 4% risk of failure)
Confirm with . or Enter, or press ? or * to list all spells.
Aiming: Sandblast (safe; 4% risk of failure)
Press: ? - help, Shift-Dir - straight line, f/p - centaur
Aim: a centaur, wielding a +0 shortbow (heavily wounded, 89% to hit)
The blast of sand hits the centaur.
The centaur is heavily wounded.
The centaur shoots an arrow.
The arrow hits you.
The centaur shoots an arrow.
The arrow hits you.
Casting: Sandblast (safe; 4% risk of failure)
Confirm with . or Enter, or press ? or * to list all spells.
Aiming: Sandblast (safe; 4% risk of failure)
Press: ? - help, Shift-Dir - straight line, f/p - centaur
Aim: a centaur, wielding a +0 shortbow (heavily wounded, 89% to hit)
The blast of sand hits the centaur but does no damage.
The centaur is heavily wounded.
The centaur shoots an arrow.
The arrow barely misses you.
The centaur shoots an arrow.
The arrow hits you!
Ouch! That really hurt!
You die...

## .# #. ^# #. .##
#.## #.# #..#
#.####### #..##
#.......### #..##
###.........####...#
#.c.@.#####........##
#.##### #####.#...#
#.+ +.#...# ..#
##.....# ....
....#.... .....
#.##..... ..c....
#........ ......!.
..l...... ..........
.........


You could see a centaur.

Vanquished Creatures
  An adder (D:3)
  An ufetubus (D:5)
  A dart slug (D:3)
  7 endoplasms
  A giant cockroach (D:4)
  2 goblins
  4 hobgoblins
  3 jackals (D:3)
  5 kobolds
  4 quokkas
  4 ball pythons
  A bat (D:1)
  A frilled lizard (D:3)
  A rat (D:3)
36 creatures vanquished.

Notes
Turn   | Place    | Note
-------+----------+-------------------------------------------
     0 | D:1      | spardeous the Felid Earth Elementalist began the quest for
                  | the Orb.
     0 | D:1      | Reached XP level 1. HP: 7/7 MP: 4/4
   138 | D:1      | Reached skill level 3 in Dodging
   394 | D:3      | Reached XP level 2. HP: 11/11 MP: 3/6
   571 | D:3      | Reached XP level 3. HP: 14/14 MP: 5/7
   785 | D:3      | Reached skill level 4 in Dodging
  1640 | D:5      | Entered Level 5 of the Dungeon
  1718 | D:5      | Noticed a centaur
  1727 | D:5      | Shot with an arrow by a centaur

Illustrated notes

Levels and vault maps discovered:
D:1:      minmay_arrival_four_houses, layout_basic
D:2:      layout_basic
D:3:      minmay_skewed_foursquare, layout_basic
D:4:      layout_layer_cave
D:5:      layout_layer_cave, mainiacjoe_overflow_surrounded_room,
          nicolae_overflow_squiral, hangedman_decor_clover_reticule

Skill      XL: |  1  2  3 |
---------------+----------+-----
Dodging        | 3 4 |  4.3
Earth Magic    | 3 |  3.6
Stealth        | |  2.6
Spellcasting   | |  2.0
Transmutations | |  1.1

Action                     || total
---------------------------++-------
  Melee: Unarmed           ||     1
   Cast: Sandblast         ||    61
 Armour: Skin              ||     2
  Dodge: Dodged            ||    23
